[Event "8th Mersin Open 2024"]
[Site "Mersin"]
[Date "2024.11.11"]
[Round "3"]
[White "Topuz, Mirac Melih"]
[Black "Dogan, Nazmi Can"]
[Result "1-0"]
[ECO "E16"]
[WhiteElo "2097"]
[BlackElo "2218"]
[Annotator "RC"]
[PlyCount "85"]
[EventDate "2024.11.10"]
[EventType "swiss"]
[EventCountry "TUR"]
[SourceTitle "playchess.com"]
[Source "ChessBase"]
[SourceQuality "1"]
[TimeControl "5400+30"]

1. d4 Nf6 2. c4 e6 3. g3 Bb4+ 4. Nd2 d5 5. Bg2 O-O 6. Ngf3 b6 7. O-O Bb7 8. a3 Be7 9. cxd5 exd5 10. Qc2 c5 11. Rd1 Nbd7 12. Nb1 Ne4 13. Nc3 Ndf6 14. Nxe4 Nxe4 15. Be3 c4 16. Ne5 Nd6 17. Bf4 b5 18. h4 Re8 19. Bh3 Bf8 20. h5 Bc8 21. Bg2 Bb7 22. Bh3 Bc8 23. Bg2 Bf5 24. Qc1 Be6 25. h6 g6 26. Nc6 Qd7 27. Nb4 Nc8 28. Na6 Bd6 29. e4 Nb6 30. Re1 Rac8 31. Nc5 Bxc5 32. dxc5 Rxc5 33. exd5 Nxd5 34. Be5 f6 35. Bd4 Rc6 36. Qc2 Bf7 37. Rxe8+ Bxe8 38. Rd1 Bf7 39. Bxa7 Rd6 40. Bc5 Rc6 41. Bb4 Be6 42. Bxd5 Bxd5 43. Qd2 1-0

[Event "8th Mersin Open 2024"]
[Site "Mersin"]
[Date "2024.11.11"]
[Round "3"]
[White "Uzdemir, Ali Poyraz"]
[Black "Zahedifar, Anahita"]
[Result "1/2-1/2"]
[ECO "C10"]
[WhiteElo "2081"]
[BlackElo "2008"]
[Annotator "NA RC"]
[PlyCount "55"]
[EventDate "2024.11.10"]
[EventType "swiss"]
[EventCountry "TUR"]
[SourceTitle "playchess.com"]
[Source "ChessBase"]
[SourceQuality "1"]
[TimeControl "5400+30"]

1. e4 e6 2. d4 d5 3. Nc3 a6 4. Nf3 Nf6 5. Bd3 c5 6. exd5 exd5 7. Bg5 Be6 8. O-O Nc6 9. Re1 Be7 10. dxc5 O-O $16 11. Ne2 Bxc5 12. Nf4 Re8 13. c3 Qd6 14. Qd2 Ng4 15. Bh4 Nce5 16. Nxe5 Nxe5 17. Bg3 Nxd3 18. Nxd3 Qb6 19. Nxc5 Qxc5 20. Be5 Bf5 21. Bd4 Qc6 22. Qf4 Bg6 23. f3 f6 24. Qd2 Rad8 25. Rxe8+ Rxe8 26. Re1 Rxe1+ 27. Qxe1 Kf7 28. Kf2 1/2-1/2

[Event "8th Mersin Open 2024"]
[Site "Mersin"]
[Date "2024.11.11"]
[Round "3"]
[White "Saygin, Nurettin"]
[Black "Yermolinsky, Alex"]
[Result "0-1"]
[ECO "E11"]
[WhiteElo "2066"]
[BlackElo "2417"]
[Annotator "RC"]
[PlyCount "64"]
[EventDate "2024.11.10"]
[EventType "swiss"]
[EventCountry "TUR"]
[SourceTitle "playchess.com"]
[Source "ChessBase"]
[SourceQuality "1"]
[TimeControl "5400+30"]

1. d4 Nf6 2. c4 e6 3. Nf3 Bb4+ 4. Bd2 c5 5. Bxb4 cxb4 6. Nbd2 O-O 7. e3 d6 8. Be2 b6 9. O-O Bb7 10. Qc2 Qe7 11. Rac1 Nbd7 12. Rfd1 e5 13. d5 Nc5 14. Nf1 Bc8 15. h3 Bd7 16. Ng3 g6 17. e4 a5 18. Bd3 Kg7 19. Qd2 h6 20. Nh2 Nh7 21. Bb1 Qg5 22. Qe2 h5 23. Kh1 Nf6 24. Qe3 Qxe3 25. fxe3 h4 26. Ne2 Nfxe4 27. Rf1 Nd2 28. Rfd1 Nxb1 29. Rxb1 Bf5 30. Ra1 Bd3 31. Ng1 Ne4 32. Ng4 f5 0-1

[Event "8th Mersin Open 2024"]
[Site "Mersin"]
[Date "2024.11.11"]
[Round "3"]
[White "Tirpan, Ceren"]
[Black "Bicer, Atakan Mert"]
[Result "1/2-1/2"]
[ECO "A22"]
[WhiteElo "2053"]
[BlackElo "2342"]
[Annotator "RC"]
[PlyCount "164"]
[EventDate "2024.11.10"]
[EventType "swiss"]
[EventCountry "TUR"]
[SourceTitle "playchess.com"]
[Source "ChessBase"]
[SourceQuality "1"]
[TimeControl "5400+30"]

1. c4 Nf6 2. Nc3 e5 3. g3 Bb4 4. Bg2 O-O 5. Nf3 Re8 6. O-O e4 7. Nd4 Nc6 8. Nxc6 dxc6 9. Qc2 Bf5 10. Nd1 Qd7 11. Ne3 Rad8 12. a3 Bd6 13. Rb1 Bh3 14. b4 Be5 15. Rb3 Bxg2 16. Kxg2 Qe6 17. d3 Bd4 18. dxe4 Nxe4 19. Rd3 Bf6 20. Rxd8 Rxd8 21. Rd1 Rxd1 22. Qxd1 h5 23. Qd3 g6 24. h4 Qe5 25. Nd1 Qe7 26. c5 Bg7 27. f3 Nf6 28. Bg5 Qe6 29. Nf2 Nd7 30. Bf4 b6 31. Ne4 Qd5 32. Bxc7 Qxd3 33. exd3 b5 34. Nd2 Bb2 35. Nb1 f6 36. Kf2 Kf7 37. Bf4 Ke6 38. Bd2 Kf5 39. Bc3 Bc1 40. d4 Ke6 41. Ke2 f5 42. Kd1 Be3 43. Ke2 Bc1 44. Kd1 Bh6 45. Ke2 Kd5 46. Kd3 Bc1 47. Ba1 Ke6 48. Bc3 Nf6 49. Bd2 Bb2 50. Be3 Nd5 51. Bf2 Bc1 52. Bg1 f4 53. g4 Kf6 54. Ke4 Ke6 55. g5 Bb2 56. Bf2 Bc1 57. Be1 Be3 58. Nd2 Nc3+ 59. Kd3 Na4 60. Nb3 Kd5 61. Bd2 Nb2+ 62. Kc3 Nc4 63. Bc1 Bf2 64. Bxf4 Bxh4 65. Bc1 Bf2 66. Kd3 h4 67. Bf4 Nxa3 68. Bh2 Nc4 69. f4 Bg3 70. Bxg3 hxg3 71. Nc1 Ke6 72. Ne2 Kf5 73. Nxg3+ Kxf4 74. Ne2+ Kxg5 75. d5 cxd5 76. Kd4 a5 77. c6 Kf6 78. c7 Nd6 79. bxa5 Ke7 80. Kxd5 Kd7 81. Kc5 Kxc7 82. Nf4 Nb7+ 1/2-1/2

[Event "8th Mersin Open 2024"]
[Site "Mersin"]
[Date "2024.11.11"]
[Round "3"]
[White "Mahdavi, Armin"]
[Black "Yildiz, Serdar Murat"]
[Result "1/2-1/2"]
[ECO "B40"]
[WhiteElo "2038"]
[BlackElo "2201"]
[Annotator "RC"]
[PlyCount "103"]
[EventDate "2024.11.10"]
[EventType "swiss"]
[EventCountry "TUR"]
[SourceTitle "playchess.com"]
[Source "ChessBase"]
[SourceQuality "1"]
[TimeControl "5400+30"]

1. e4 c5 2. Nf3 e6 3. g3 Nc6 4. Bg2 Nf6 5. Qe2 e5 6. O-O Be7 7. d3 O-O 8. Bg5 d6 9. c3 h6 10. Bxf6 Bxf6 11. Nfd2 Rb8 12. Nc4 b5 13. Ne3 Ne7 14. Nd2 Bb7 15. Nd5 Nxd5 16. exd5 Qb6 17. f4 exf4 18. gxf4 Rbe8 19. Ne4 c4+ 20. Qf2 Bd8 21. Qxb6 Bxb6+ 22. d4 Bc7 23. f5 Rb8 24. b3 Bxd5 25. Nf6+ gxf6 26. Bxd5 cxb3 27. axb3 Bb6 28. Rf4 Rfc8 29. c4 bxc4 30. bxc4 a5 31. Kh1 Kf8 32. Rh4 Re8 33. Rxh6 Bxd4 34. Rh8+ Kg7 35. Rxe8 Rxe8 36. Rxa5 Re1+ 37. Kg2 Re2+ 38. Kg3 Re7 39. Ra3 Re2 40. Rb3 Kh6 41. Kg4 Rxh2 42. Rh3+ Rxh3 43. Kxh3 Kg5 44. Bxf7 Kxf5 45. Kg2 Kf4 46. Kf1 f5 47. Be6 Ke4 48. Bd5+ Ke3 49. Be6 f4 50. Bd5 f3 51. Bg8 f2 52. Bd5 1/2-1/2

[Event "8th Mersin Open 2024"]
[Site "Mersin"]
[Date "2024.11.11"]
[Round "3"]
[White "Ozen, Sadettin Alperen"]
[Black "Cheng, Bindi"]
[Result "0-1"]
[ECO "B50"]
[WhiteElo "2027"]
[BlackElo "2368"]
[Annotator "RC"]
[PlyCount "82"]
[EventDate "2024.11.10"]
[EventType "swiss"]
[EventCountry "TUR"]
[SourceTitle "playchess.com"]
[Source "ChessBase"]
[SourceQuality "1"]
[TimeControl "5400+30"]

1. e4 c5 2. Nf3 d6 3. c3 Nf6 4. Be2 Nbd7 5. d3 b6 6. O-O Bb7 7. Nbd2 e6 8. Re1 Be7 9. Bf1 O-O 10. d4 cxd4 11. cxd4 Qc7 12. b3 Rfe8 13. Bb2 Rac8 14. Rc1 Qb8 15. Bb5 a6 16. Bd3 b5 17. Rxc8 Rxc8 18. Qb1 e5 19. Qa1 exd4 20. Nxd4 d5 21. e5 Ng4 22. Nf5 Bc5 23. Bd4 Re8 24. f4 Bb4 25. Qd1 h5 26. h3 Nc5 27. Bb1 Ne6 28. hxg4 Nxd4 29. Nxd4 Qa7 30. N2f3 hxg4 31. Qd3 gxf3 32. Re3 g6 33. e6 f5 34. g4 Bc5 35. gxf5 Bc8 36. f6 Kh8 37. Rxf3 Bxe6 38. Kf1 Qh7 39. Kg1 Bf5 40. Kf1 Be6 41. f5 Bxf5 0-1

[Event "8th Mersin Open 2024"]
[Site "Mersin"]
[Date "2024.11.11"]
[Round "3"]
[White "Karabulut, Etka"]
[Black "Biriya, Mohammadamin"]
[Result "1/2-1/2"]
[ECO "D00"]
[WhiteElo "2024"]
[BlackElo "2139"]
[Annotator "NA RC"]
[PlyCount "49"]
[EventDate "2024.11.10"]
[EventType "swiss"]
[EventCountry "TUR"]
[SourceTitle "playchess.com"]
[Source "ChessBase"]
[SourceQuality "1"]
[TimeControl "5400+30"]

1. d4 Nf6 2. Bg5 d5 3. Bxf6 exf6 4. e3 Be6 5. Nd2 Bd6 6. Ne2 O-O 7. g3 c6 8. Bg2 f5 9. O-O Qb6 10. b3 Nd7 11. c4 $11 Qa6 12. Qc2 b5 13. cxd5 cxd5 14. Qd3 Qb7 15. Nf4 Rfc8 16. a4 a6 17. Rfc1 b4 18. Nf3 Bxf4 19. gxf4 Nf6 20. Ne5 Ne4 21. f3 f6 22. Ng4 h5 23. Nf2 Nxf2 24. Kxf2 Rc6 25. Rc5 1/2-1/2

[Event "8th Mersin Open 2024"]
[Site "Mersin"]
[Date "2024.11.11"]
[Round "3"]
[White "Shafei, Hamid"]
[Black "Hasirci, Ozgur Deniz"]
[Result "1-0"]
[ECO "B21"]
[WhiteElo "2018"]
[BlackElo "2128"]
[Annotator "NA RC"]
[PlyCount "81"]
[EventDate "2024.11.10"]
[EventType "swiss"]
[EventCountry "TUR"]
[SourceTitle "playchess.com"]
[Source "ChessBase"]
[SourceQuality "1"]
[TimeControl "5400+30"]

1. e4 c5 2. d4 cxd4 3. c3 dxc3 4. Nxc3 Nc6 5. Nf3 d6 6. Bc4 e6 7. O-O Nf6 8. Qe2 Be7 9. Rd1 e5 10. Be3 Bg4 11. h3 Bh5 12. g4 Bg6 13. Nh4 Rc8 14. Nf5 Bxf5 15. exf5 Nd7 (15... h6 $14) 16. Nd5 O-O $11 17. Rac1 Bg5 18. a3 Re8 19. Nc3 Nd4 20. Qf1 Nc5 21. Bd5 Ncb3 22. Rb1 Qe7 23. Qg2 Bf4 24. Re1 Qd8 25. Rbd1 Qb6 26. Bxb3 Qxb3 27. Bxf4 Qxb2 28. Bd2 Rxc3 29. Bxc3 Qxc3 30. Re3 Qb2 31. Qe4 Rc8 32. Kg2 h6 33. Rb1 Qd2 34. Rd3 Qc2 35. Rxb7 Ne2 36. Re3 Nf4+ 37. Kg3 Qd1 38. Rb1 Rc1 39. Re1 Ne2+ 40. Qxe2 Qxe2 41. Rb8+ 1-0

[Event "8th Mersin Open 2024"]
[Site "Mersin"]
[Date "2024.11.11"]
[Round "3"]
[White "Celebi, Mehmet Alper"]
[Black "Sahin, Ata Sarp"]
[Result "1/2-1/2"]
[ECO "B15"]
[WhiteElo "2014"]
[BlackElo "2109"]
[Annotator "NA"]
[PlyCount "59"]
[EventDate "2024.11.10"]
[EventType "swiss"]
[EventCountry "TUR"]
[SourceTitle "playchess.com"]
[Source "ChessBase"]
[SourceQuality "1"]
[TimeControl "5400+30"]

1. e4 c6 2. d4 d5 3. Nc3 dxe4 4. Nxe4 Nf6 5. Nxf6+ exf6 6. c3 Bd6 7. Bd3 O-O 8. Ne2 Re8 9. O-O Nd7 10. Ng3 g6 11. Ne4 $14 Be7 12. b3 f5 13. Nd2 Nf8 14. Bb2 Ne6 15. Nf3 Bf6 16. Qc2 b6 17. Rad1 Bb7 18. Qb1 Nf4 19. c4 Qc7 20. Rd2 Rad8 21. Rfd1 Bg7 22. Bf1 Bh6 23. g3 Ne6 24. Re2 Bg7 25. Red2 Bh6 26. Re2 Bg7 27. Red2 Bh6 28. Re2 Bg7 29. Red2 c5 30. d5 1/2-1/2

[Event "8th Mersin Open 2024"]
[Site "Mersin"]
[Date "2024.11.11"]
[Round "3"]
[White "Tezcan, Alper"]
[Black "Pourramezan chafjiri, Parsa"]
[Result "1/2-1/2"]
[ECO "B38"]
[WhiteElo "2002"]
[BlackElo "2081"]
[Annotator "NA RC"]
[PlyCount "69"]
[EventDate "2024.11.10"]
[EventType "swiss"]
[EventCountry "TUR"]
[SourceTitle "playchess.com"]
[Source "ChessBase"]
[SourceQuality "1"]
[TimeControl "5400+30"]

1. e4 c5 2. Nf3 Nc6 3. d4 cxd4 4. Nxd4 g6 5. c4 Bg7 6. Be3 Qb6 7. Nb3 Qd8 8. Qd2 Nf6 9. f3 O-O 10. Nc3 d6 11. Be2 Be6 12. O-O Nd7 13. Rac1 f5 $14 14. exf5 gxf5 15. Rfd1 Qe8 16. Nd5 Rc8 17. Nd4 Nxd4 18. Bxd4 Bxd5 19. Bxg7 Kxg7 20. Qxd5 b6 21. f4 Rc7 22. Re1 Qf7 23. Qd2 Qf6 24. Rc3 Nc5 25. Bf3 Ne6 26. Bd5 Qd4+ 27. Qxd4+ Nxd4 28. Rd3 Nc2 29. Rg3+ Kh8 30. Re2 Nb4 31. Rge3 Nxd5 32. cxd5 Rf7 33. Kf2 Kg7 34. Rg3+ Kf8 35. Rc3 1/2-1/2

[Event "8th Mersin Open 2024"]
[Site "Mersin"]
[Date "2024.11.11"]
[Round "3"]
[White "Tatlioglu, Ege"]
[Black "Ozen, Ilhami Goktug"]
[Result "1/2-1/2"]
[ECO "D51"]
[WhiteElo "1910"]
[BlackElo "1841"]
[Annotator "NA RC"]
[PlyCount "46"]
[EventDate "2024.11.10"]
[EventType "swiss"]
[EventCountry "TUR"]
[SourceTitle "playchess.com"]
[Source "ChessBase"]
[SourceQuality "1"]
[TimeControl "5400+30"]

1. d4 Nf6 2. c4 e6 3. Nc3 d5 4. cxd5 exd5 5. Bg5 Nbd7 6. e3 Bb4 7. Bd3 c5 8. Nge2 c4 9. Bc2 O-O 10. O-O Qa5 11. f3 Re8 12. Qe1 $14 b5 13. Qg3 Qb6 14. Nf4 Bb7 15. Rfe1 Bd6 16. a3 a5 17. Bf5 Bxf4 18. Bxf4 b4 19. Nd1 g6 20. Bxd7 Nxd7 21. Nf2 f5 22. h4 Nf6 23. Be5 Nd7 1/2-1/2

[Event "8th Mersin Open 2024"]
[Site "Mersin"]
[Date "2024.11.11"]
[Round "3"]
[White "Oz, Ege"]
[Black "Rabbani, Abtin"]
[Result "1-0"]
[ECO "B27"]
[WhiteElo "1895"]
[BlackElo "1805"]
[Annotator "NA RC"]
[PlyCount "33"]
[EventDate "2024.11.10"]
[EventType "swiss"]
[EventCountry "TUR"]
[SourceTitle "playchess.com"]
[Source "ChessBase"]
[SourceQuality "1"]
[TimeControl "5400+30"]

1. e4 c5 2. Nf3 g6 3. d4 cxd4 4. Qxd4 Nf6 5. e5 Nc6 6. Qh4 Nxe5 7. Nxe5 Qa5+ 8. Nc3 Qxe5+ 9. Be3 Bg7 10. O-O-O O-O 11. Bc4 Qa5 12. Bg5 Kh8 13. Rhe1 $16 Qd8 14. g4 a6 15. Rxe7 Qxe7 16. Nd5 Qe5 17. f4 1-0

[Event "8th Mersin Open 2024"]
[Site "Mersin"]
[Date "2024.11.11"]
[Round "3"]
[White "Herdem, Talha"]
[Black "Damya, Aydin"]
[Result "1-0"]
[ECO "B23"]
[WhiteElo "1884"]
[BlackElo "1798"]
[Annotator "NA RC"]
[PlyCount "31"]
[EventDate "2024.11.10"]
[EventType "swiss"]
[EventCountry "TUR"]
[SourceTitle "playchess.com"]
[Source "ChessBase"]
[SourceQuality "1"]
[TimeControl "5400+30"]

1. e4 c5 2. Nc3 e6 3. d4 cxd4 4. Qxd4 Nc6 5. Qd3 Nf6 6. Bf4 d5 7. O-O-O d4 8. Nb5 e5 9. Bxe5 Nxe5 10. Qg3 Nfd7 11. Nf3 f6 $16 (11... a6 $1 $11 12. Nxe5 axb5 13. Bxb5 Rxa2) 12. Nfxd4 Kf7 13. Qb3+ Kg6 14. Ne6 Qb6 15. Nf4+ Kh6 16. Qh3+ 1-0

[Event "8th Mersin Open 2024"]
[Site "Mersin"]
[Date "2024.11.11"]
[Round "3"]
[White "Karaalioglu, Zeynel Mansur"]
[Black "Ercan, Mehmet Fahri"]
[Result "1-0"]
[ECO "B30"]
[WhiteElo "1875"]
[BlackElo "1788"]
[Annotator "NA COMBH"]
[PlyCount "98"]
[EventDate "2024.11.10"]
[EventType "swiss"]
[EventCountry "TUR"]
[SourceTitle "playchess.com"]
[Source "ChessBase"]
[SourceQuality "1"]
[TimeControl "5400+30"]

1. e4 c5 2. Nf3 Nc6 3. Bb5 Nd4 4. Nxd4 cxd4 5. O-O a6 6. Bc4 b5 7. Bb3 Bb7 8. Re1 e5 9. d3 Nf6 10. f4 d6 11. Qf3 Be7 12. f5 O-O 13. g4 Nd7 14. a3 Bg5 $11 (14... Nc5 $5 15. Ba2 $8 Rc8 $15) 15. Nd2 Be3+ 16. Kg2 Qg5 17. Nf1 Bxc1 18. Raxc1 Nf6 19. h3 h5 20. Nh2 Rad8 21. Qg3 hxg4 22. hxg4 Rfe8 23. Kh3 Qh6+ 24. Qh4 Qxh4+ 25. Kxh4 d5 26. g5 Nh7 27. Ng4 f6 28. gxf6 gxf6 29. Rg1 Kf8 30. Kh5 Ke7 31. Nh6 Ng5 32. exd5 Bxd5 33. Bxd5 Rxd5 34. Rxg5 fxg5 35. Kxg5 Rd6 36. Re1 Rd5 37. f6+ Ke6 38. f7 Rf8 39. Kg6 Rd7 40. Rf1 Rc7 41. Kg7 Rfc8 42. Rf6+ Kd5 43. Nf5 e4 44. dxe4+ Ke5 45. Nd6 Rd8 46. Kg6 Rf8 47. Nf5 Rxc2 48. Kg7 Rcc8 49. Ne7 Kxe4 1-0

[Event "8th Mersin Open 2024"]
[Site "Mersin"]
[Date "2024.11.11"]
[Round "3"]
[White "Ulu, Yusuf Ihsan"]
[Black "Yigit, Ahmet Yasir"]
[Result "1/2-1/2"]
[ECO "D94"]
[WhiteElo "1853"]
[BlackElo "1927"]
[Annotator "NA RC"]
[PlyCount "185"]
[EventDate "2024.11.10"]
[EventType "swiss"]
[EventCountry "TUR"]
[SourceTitle "playchess.com"]
[Source "ChessBase"]
[SourceQuality "1"]
[TimeControl "5400+30"]

1. d4 Nf6 2. Nf3 c5 3. e3 g6 4. c4 cxd4 5. exd4 Bg7 6. Nc3 O-O 7. Be2 d5 8. O-O Nc6 9. h3 b6 10. Be3 dxc4 11. Bxc4 Bb7 12. Qe2 Nb4 13. a3 Nbd5 $11 14. Nxd5 Bxd5 15. Rac1 Qd6 16. Ne5 Rac8 17. Ba6 Rxc1 18. Rxc1 Ba8 19. Nc4 Qc6 20. Qf3 Qxf3 21. gxf3 Nd5 22. Nd2 Rd8 23. Bc4 Rc8 24. Nb3 e6 25. Be2 Rxc1+ 26. Nxc1 Ne7 27. Nb3 Nf5 28. Kg2 Bd5 29. Bd1 Bxb3 30. Bxb3 Bxd4 31. Bc1 Kg7 32. Bc2 Kf6 33. Kf1 g5 34. Ke2 Be5 35. Bd1 Bf4 36. Be3 Ke5 37. Kd3 h5 38. b3 h4 39. b4 Bxe3 40. fxe3 Nd6 41. a4 f5 42. Be2 a5 43. bxa5 bxa5 44. Bd1 Kd5 45. Bb3+ Ke5 46. Bd1 Ne8 47. Kc4 Nc7 48. Kd3 Kd5 49. e4+ fxe4+ 50. fxe4+ Ke5 51. Ke3 Na6 52. Bb3 Nc5 53. Bc2 Nd7 54. Bd1 Nc5 55. Bc2 g4 56. hxg4 h3 57. Kf3 h2 58. Kg2 Kf4 59. Kxh2 Kxg4 60. Kg2 Kf4 61. Kf2 e5 62. Ke2 Nxe4 63. Kd3 Nd6 64. Ke2 e4 65. Kf2 Nf5 66. Bb3 e3+ 67. Ke1 Nd4 68. Bd5 Ke5 69. Bh1 Kd6 70. Be4 Kc5 71. Bg6 Kb4 72. Be8 Kb3 73. Kd1 Kc3 74. Ke1 Nb3 75. Ke2 Kd4 76. Bb5 Nc5 77. Ke1 Ne4 78. Bc6 Nc3 79. Be8 Kc4 80. Kf1 Kb3 81. Ke1 Kb4 82. Kf1 Kc4 83. Ke1 Kd4 84. Bd7 Ke4 85. Be8 Kf4 86. Bc6 Ke5 87. Be8 Ne4 88. Bc6 Kd4 89. Kd1 Kc3 90. Ke2 Kb3 91. Ke1 Ng3 92. Bd7 e2 93. Kd2 1/2-1/2

[Event "8th Mersin Open 2024"]
[Site "Mersin"]
[Date "2024.11.11"]
[Round "3"]
[White "Saygin, Semir"]
[Black "Kilic, Cihan"]
[Result "0-1"]
[ECO "B15"]
[WhiteElo "1826"]
[BlackElo "1894"]
[Annotator "NA"]
[PlyCount "62"]
[EventDate "2024.11.10"]
[EventType "swiss"]
[EventCountry "TUR"]
[SourceTitle "playchess.com"]
[Source "ChessBase"]
[SourceQuality "1"]
[TimeControl "5400+30"]

1. e4 c6 2. d4 d5 3. Nc3 dxe4 4. Nxe4 Nf6 5. Ng3 h5 6. Bc4 h4 7. N3e2 Bf5 8. Nf3 e6 9. h3 Be7 ({Black should try} 9... Be4 $11) 10. Nc3 Nbd7 (10... c5 $11) 11. Bd3 g6 12. Bxf5 gxf5 13. Be3 Nb6 14. Qd3 Nbd5 15. Nxd5 Qxd5 $11 16. Qb3 O-O-O 17. c4 Qa5+ 18. Bd2 Qa6 19. Bg5 Qa5+ 20. Bd2 Qc7 21. Qa4 Ne4 22. Bc3 Rhg8 23. Kf1 Qf4 24. Rg1 Rxg2 25. Rxg2 Qxf3 26. Qd1 Qxh3 27. Kg1 Bd6 28. Qe2 Ng5 29. f4 Bxf4 30. Rf1 Be3+ 31. Rff2 Nf3+ 0-1

[Event "8th Mersin Open 2024"]
[Site "Mersin"]
[Date "2024.11.11"]
[Round "3"]
[White "Inciroglu, Emir Cihangir"]
[Black "Kurdas, Halil Ibrahim"]
[Result "1-0"]
[ECO "B23"]
[WhiteElo "1811"]
[BlackElo "1887"]
[Annotator "NA"]
[PlyCount "79"]
[EventDate "2024.11.10"]
[EventType "swiss"]
[EventCountry "TUR"]
[SourceTitle "playchess.com"]
[Source "ChessBase"]
[SourceQuality "1"]
[TimeControl "5400+30"]

1. e4 c5 2. Nc3 e6 3. Nge2 Nc6 4. g3 Nf6 5. Bg2 a6 6. a4 {[%emt 0:04:30] B23: Closed Sicilian: Lines without g3.} Qc7 7. d3 Rb8 8. f4 d6 9. h3 h5 10. Be3 Be7 11. Qd2 b5 12. axb5 axb5 13. b3 b4 14. Nd1 d5 15. exd5 Nxd5 16. Bf2 Bf6 17. Ra2 Nd4 18. O-O h4 19. Nxd4 cxd4 20. Bxd5 exd5 21. Re1+ Kf8 22. g4 g6 $11 23. Kg2 Bd7 24. Bg1 Qc8 25. Nf2 Kg7 26. Bh2 Rb6 27. g5 Bd8 28. f5 Bxf5 29. Be5+ f6 30. Bxd4 Bxh3+ 31. Kg1 Rb7 32. Ra6 Rh5 33. Qe3 Bf5 34. gxf6+ Kh7 35. f7 Rg5+ 36. Kh1 Be7 37. Qxe7 Rxe7 38. Rxe7 Be4+ 39. dxe4 Kh6 40. Re8 1-0

[Event "8th Mersin Open 2024"]
[Site "Mersin"]
[Date "2024.11.11"]
[Round "3"]
[White "Keloglu, Ismail Cinar"]
[Black "Icoz, Cinar"]
[Result "1/2-1/2"]
[ECO "B25"]
[WhiteElo "1805"]
[BlackElo "1882"]
[Annotator "NA RC"]
[PlyCount "60"]
[EventDate "2024.11.10"]
[EventType "swiss"]
[EventCountry "TUR"]
[SourceTitle "playchess.com"]
[Source "ChessBase"]
[SourceQuality "1"]
[TimeControl "5400+30"]

1. e4 c5 2. Nc3 Nc6 3. g3 g6 4. Bg2 Bg7 5. d3 d6 6. f4 e6 7. Nf3 Nge7 8. O-O O-O 9. g4 f5 10. h3 Nd4 11. Ne2 Nxf3+ 12. Bxf3 Rb8 13. Ng3 d5 14. c3 $11 b6 15. Re1 Bb7 16. e5 d4 17. c4 Bxf3 18. Qxf3 b5 19. g5 bxc4 20. dxc4 Qd7 21. Nh1 Nc6 22. Rd1 Rfd8 23. Nf2 Na5 24. b3 Nb7 25. Nd3 a5 26. a3 Bf8 27. Bd2 Rbc8 28. Rdc1 Qc6 29. Qxc6 Rxc6 30. b4 a4 1/2-1/2

[Event "8th Mersin Open 2024"]
[Site "Mersin"]
[Date "2024.11.11"]
[Round "3"]
[White "Kocacik, Dogukan"]
[Black "Yagublu, Azad"]
[Result "1-0"]
[ECO "B90"]
[WhiteElo "1586"]
[BlackElo "1458"]
[Annotator "NA RC"]
[PlyCount "55"]
[EventDate "2024.11.10"]
[EventType "swiss"]
[EventCountry "TUR"]
[SourceTitle "playchess.com"]
[Source "ChessBase"]
[SourceQuality "1"]
[TimeControl "5400+30"]

1. e4 c5 2. Nf3 d6 3. d4 cxd4 4. Nxd4 Nf6 5. Nc3 a6 6. f3 e5 7. Nb3 Be6 8. Bg5 Be7 9. Qd2 Nc6 10. O-O-O h6 11. Bxf6 gxf6 12. Nd5 Bxd5 13. Qxd5 Qc7 14. Bc4 O-O-O 15. Qxf7 Kb8 16. a3 Rc8 17. Bd3 Rhg8 18. Rd2 f5 19. Kb1 fxe4 20. Bxe4 Rcf8 21. Qe6 Re8 22. Qd5 Bg5 23. Rd3 Be7 24. g3 Qb6 25. Nd2 Qb5 26. Rb3 Qa4 27. Qxc6 Qxb3 28. Qxe8+ 1-0

[Event "8th Mersin Open 2024"]
[Site "Mersin"]
[Date "2024.11.11"]
[Round "3"]
[White "Tawel, Ihab."]
[Black "Sahin, Mert"]
[Result "1-0"]
[ECO "C06"]
[WhiteElo "1584"]
[BlackElo "1534"]
[Annotator "NA RC"]
[PlyCount "107"]
[EventDate "2024.11.10"]
[EventType "swiss"]
[EventCountry "TUR"]
[SourceTitle "playchess.com"]
[Source "ChessBase"]
[SourceQuality "1"]
[TimeControl "5400+30"]

1. e4 e6 2. d4 d5 3. Nd2 Nf6 4. e5 Nfd7 5. Bd3 c5 6. c3 Nc6 7. Ne2 Qb6 8. Nf3 cxd4 9. cxd4 f6 10. Nc3 fxe5 11. dxe5 Ndxe5 12. Nxe5 Nxe5 13. Bb5+ Bd7 14. Qe2 Bxb5 15. Qxe5 Kd7 16. Be3 Qa6 17. Rd1 Bc6 18. b4 Bxb4 19. Qxg7+ Be7 20. Bg5 Rhe8 21. Ne4 Kd8 22. Nd6 Bxg5 23. Nf7+ Kc8 24. Nd6+ Kd8 25. Nf7+ Kc8 26. Nd6+ Kd8 27. Nxe8 Qa5+ 28. Kf1 Qb5+ 29. Kg1 Be7 30. Nc7 Qe2 31. Rc1 Rc8 32. Nxd5 Bc5 33. Qg5+ Ke8 34. Nf6+ Kf7 35. Qxc5 Kxf6 36. Qc3+ Kf7 37. Qc2 Qh5 38. h3 Rg8 39. f3 Qh6 40. Qc3 Qg5 41. Rc2 Qf4 42. Rf2 Rc8 43. Qd2 Qf5 44. Qc2 Qh5 45. g4 Qh4 46. Qd2 Rd8 47. Qf4+ Kg8 48. Kg2 Rf8 49. Qe5 Rf6 50. Rd1 Rg6 51. Rfd2 h5 52. Rd8+ Kf7 53. Qc7+ Qe7 54. R8d7 1-0

[Event "8th Mersin Open 2024"]
[Site "Mersin"]
[Date "2024.11.11"]
[Round "3"]
[White "Akcay, Batin"]
[Black "Ozturk, Yucel Mert"]
[Result "1/2-1/2"]
[ECO "B01"]
[WhiteElo "1573"]
[BlackElo "1545"]
[Annotator "NA"]
[PlyCount "72"]
[EventDate "2024.11.10"]
[EventType "swiss"]
[EventCountry "TUR"]
[SourceTitle "playchess.com"]
[Source "ChessBase"]
[SourceQuality "1"]
[TimeControl "5400+30"]

1. e4 d5 2. exd5 Qxd5 3. Nc3 Qd6 4. d4 c6 5. g3 Nf6 6. Bg2 Bf5 7. Nf3 e6 8. O-O Qc7 9. Ne5 Nbd7 10. f4 Be7 11. Be3 O-O 12. Qe2 Nb6 13. Bf2 Nbd5 14. Nxd5 exd5 15. c3 Rfe8 16. g4 Be4 17. Bg3 Bxg2 18. Qxg2 Ne4 19. g5 c5 20. Bf2 Rac8 21. Qg4 Nxf2 22. Rxf2 cxd4 23. cxd4 Qb6 24. Rd1 Bd6 25. Qf5 Bxe5 26. fxe5 Qe6 27. Qf3 Rc7 28. Qg2 Rec8 29. Rdf1 Rc1 30. h4 R8c4 31. Rxc1 Rxc1+ 32. Kh2 Rc4 33. Rd2 Kf8 34. Qf3 Kg8 35. b3 Rc1 36. Rf2 Rc7 1/2-1/2

[Event "8th Mersin Open 2024"]
[Site "Mersin"]
[Date "2024.11.11"]
[Round "3"]
[White "Bulut, Bekir Kaan"]
[Black "Karatiken, Beray"]
[Result "0-1"]
[ECO "A45"]
[WhiteElo "1540"]
[BlackElo "1594"]
[Annotator "NA RC"]
[PlyCount "65"]
[EventDate "2024.11.10"]
[EventType "swiss"]
[EventCountry "TUR"]
[SourceTitle "playchess.com"]
[Source "ChessBase"]
[SourceQuality "1"]
[TimeControl "5400+30"]

1. d4 d6 2. e3 Nf6 3. Bd3 Nbd7 4. f4 g6 5. Nf3 Bg7 6. O-O c5 7. c3 b6 8. Nbd2 Bb7 9. Qe2 Qc7 10. e4 O-O 11. e5 Nd5 12. Ng5 e6 13. Nde4 dxe5 14. fxe5 h6 15. Nf3 cxd4 16. cxd4 Nb4 17. Bd2 Nxd3 18. Qxd3 Bxe4 19. Qxe4 Rac8 20. Rac1 Qb8 21. Qh4 Rxc1 22. Bxc1 Qd8 23. Qh3 g5 24. Qh5 f6 25. Qh3 Qe7 26. Re1 fxe5 27. dxe5 Qf7 28. Rf1 Nxe5 29. Nd2 Qd7 30. Rxf8+ Bxf8 31. Nf1 Bc5+ 32. Be3 Bxe3+ 33. Qxe3 0-1